[Event "Late-Titled-Tuesday-Blitz-April-16-2024"]
[Site "Chess.com"]
[Date "2024.04.16"]
[Round "2"]
[White "CrushingKings"]
[Black "ContrVersia"]
[Result "1-0"]
[WhiteElo "2598"]
[BlackElo "2867"]
[TimeControl "180+1"]
[EndTime "14:18:53 PDT"]
[Termination "CrushingKings won on time"]

1. Nf3 d5 2. g3 Nd7 3. d4 Nb6 4. Nh4 Nf6 5. Bg2 g6 6. O-O Bg7 7. b3 O-O 8. Bb2 a5 9. a4 c6 10. Nd2 g5 11. Nhf3 h6 12. Re1 Bf5 13. Ne5 e6 14. f3 Nbd7 15. e4 Bh7 16. Kh1 Nxe5 17. dxe5 Nd7 18. f4 f6 19. exd5 cxd5 20.
exf6 Bxf6 21. Bxf6 Qxf6 22. fxg5 hxg5 23. Ne4 Qg7 24.
Nd6 Nc5 25. Qd2 b6 26. b4 axb4 27. Qxb4 Rf2 28. Qxb6 Rxc2 29. Rac1 Nxa4 30. Qb3 Nc5 31. Qe3 Rxc1 32. Rxc1 Nd3 33. Qxe6+ Kh8 34. Nf7+ Kg8 35. Nxg5+ Kh8 36. Nf7+ Kg8 37. Qxd5 Rf8 38. Ng5+ Kh8 39. Nxh7 Nxc1 40. Nxf8 Qxf8 41. Qd4+ Qg7 42. Qxg7+ Kxg7 43. Be4 Ne2 44. Kg2 Nd4 45. Bd5 Nf5 46. Kf3 Ne7 47. Be4 Ng8 48. Kf4 Nf6 49. Bf3 Kg6 50. h4 Ng8 51.
Be4+ Kg7 52. g4 Nh6 53. g5 Nf7 54. Bd5 Nd6 55. Ke5 Nb5 56. Bc4 Nc7 57. Kd6 Ne8+ 58.
Kd7 Kf8 59. Ke6 Kg7 60. Bd3 Nc7+ 61. Kd6 1-0

[Event "Late-Titled-Tuesday-Blitz-April-16-2024"]
[Site "Chess.com"]
[Date "2024.04.16"]
[Round "2"]
[White "kylelancman"]
[Black "Alphafischer2019"]
[Result "1-0"]
[WhiteElo "2489"]
[BlackElo "2748"]
[TimeControl "180+1"]
[EndTime "14:18:53 PDT"]
[Termination "kylelancman won by checkmate"]

1. e4 c5 2. Nf3 Nc6 3. Bb5 Nf6 4.
Bxc6 dxc6 5. d3 Bg4 6. h3 Bh5 7. g4 Bg6 8. Nbd2 Nd7 9. Qe2 e5 10. Nc4 f6 11. a4 a5 12. Bd2 Bf7 13. Nh4 Qc7 14. O-O g5 15. Nf5 Be7 16. Nce3 Nf8 17. Kg2 Ne6 18. Kh2 Bf8 19. Nc4 h5 20. Kg2 b6 21. c3 Kd7 22. Be3 Bg6 23. Rh1 Kc8 24. b4 axb4 25. cxb4 Nd4 26. Bxd4 cxd4 27. a5 b5 28. Nb6+ Kb7 29. Nxa8 Kxa8 30. Qb2 Ka7 31. Rhc1 Rh7 32. Qc2 Bxb4 33. Qxc6 Bc3 34. Qxf6 Bxf5 35.
gxf5 Qg7 36. Qb6+ Ka8 37. Qa6+ Qa7 38. Qc8+ Qb8 39. Qc6+ Qb7 40. Qe8+ Ka7 41. a6 Qd7 42. Qxe5 b4 43. Ra5 Qc7 44. Qxc7+ Rxc7 45. Rb5 Kxa6 46. Rxb4 g4 47. Rxd4 gxh3+ 48. Kxh3 Kb5 49. Rd5+ Kb4 50. Rb1+ Ka3 51. Rb6 Rg7 52. Rc6 Bd2 53. Rg6 Rb7 54. f6 Rb1 55. f7 Bb4 56. Rf5 Bf8 57. Rg8 Rb8 58. Re5 Rb3 59. Rxf8 Rxd3+ 60. Kh4 Rh3+ 61. Kxh3 Kb3 62. Rc5 Kb4 63. Rc7 Kb5 64. Rb8+ Ka6 65.
f8=Q Ka5 66. Qa3# 1-0

[Event "Late-Titled-Tuesday-Blitz-April-16-2024"]
[Site "Chess.com"]
[Date "2024.04.16"]
[Round "2"]
[White "mishanick"]
[Black "Andrei_Skvortsov"]
[Result "1-0"]
[WhiteElo "3043"]
[BlackElo "2643"]
[TimeControl "180+1"]
[EndTime "14:18:57 PDT"]
[Termination "mishanick won on time"]

1. d4 d5 2. c4 e6 3. Nc3 a6 4. cxd5 exd5 5. Nf3 Be7 6. Bf4 Nf6 7. e3 O-O 8. Bd3 Nh5 9. Be5 Nc6 10. h3 Nxe5 11. dxe5 g6 12. O-O Ng7 13. Qd2 c6 14. Nd4 f6 15.
exf6 Bxf6 16. Nce2 c5 17. Nf3 b6 18. Rad1 Bb7 19. b3 Qe7 20. Nf4 Rfd8 21. Rfe1 Ne6 22. Nxe6 Qxe6 23. Qc2 Kg7 24. Rd2 Qf7 25. e4 dxe4 26.
Bxe4 Rxd2 27. Qxd2 Rd8 28. Qc2 Bc8 29. Bd3 Re8 30. Rd1 Qc7 31. a4 Re7 32. Bc4 Qf4 33. Qd2 Qxd2 34. Rxd2 Bb7 35. Bd5 Bc8 36. Bc4 Bb7 37. Bd5 Bc8 38. Kf1 Rd7 39. Ke2 Rd6 40. g4 h6 41. Rd3 b5 42. Nd2 c4 43. bxc4 bxa4 44. Ne4 Rd8 45. Nc5 a3 46. Rxa3 Be7 47. Ra5 Rd6 48. f4 Rb6 49. Kd3 Bd8 50. Ra2 h5 51. Rg2 hxg4 52. hxg4 Be7 53. Ne4 Rb3+ 54. Kd4 Rf3 55. f5 Rf4 56. Ke5 Rf1 57. c5 Re1 58. c6 Bd8 59. Kd6 Rc1 60. Rf2 gxf5 61. gxf5 Bh4 62. f6+ 1-0

[Event "Late-Titled-Tuesday-Blitz-April-16-2024"]
[Site "Chess.com"]
[Date "2024.04.16"]
[Round "2"]
[White "Alexei_Gubajdullin"]
[Black "Hrant_ChessMood"]
[Result "0-1"]
[WhiteElo "2617"]
[BlackElo "2976"]
[TimeControl "180+1"]
[EndTime "14:18:59 PDT"]
[Termination "Hrant_ChessMood won by resignation"]

1. Nf3 c5 2. g3 Nc6 3. Bg2 g6 4. O-O Bg7 5. c3 e5 6. d3 Nge7 7.
e4 O-O 8. a4 d6 9. Na3 h6 10. Nd2 Be6 11. Ndc4 Kh7 12. Nb5 Nc8 13. Ne3 a6 14. Na3 N8e7 15. Bd2 f5 16. f4 exf4 17. gxf4 Rb8 18. Qe2 Qd7 19. Nd5 fxe4 20. dxe4 Bg4 21. Qd3 Nxd5 22. Qxd5 Ne7 23. Qd3 b5 24. axb5 axb5 25.
Nc2 Be6 26. Ra6 Bc4 27. Rxd6 Qc7 28. Rd7 Qc6 29. Qd6 Qxd6 30. Rxd6 Bxf1 31. Bxf1 Rfd8 32. Rxd8 Rxd8 33. Be3 c4 34. Nd4 b4 35. Ne6 Rd1 36.
Nxg7 Kxg7 37. cxb4 Nc8 38. e5 Ne7 39. Kf2 Nd5 40. Bxc4 Nxb4 41. Be2 Rh1 42. Kg2 Ra1 43. Bd4 Nc2 44. Bc3 Ne3+ 45. Kf3 Nd5 46. Bd4 Ra4 47. Ke4 Nxf4 48. e6+ Kf8 49. Bd1 Rb4 50. Ke5 Nxe6 51. Bc3 Rb6 52. Bg4 Nc5 53. Bd4 Rb5 54. Kf6 Ne4+ 55.
Ke6 Ng5+ 56. Kf6 Ne4+ 57. Ke6 Rb4 58. Be5 Rb6+ 59. Kd5 Nf6+ 60. Kc5 Nxg4 61. Kxb6 Nxe5 62. Kb5 Ke7 63. Kc5 Nd3+ 64. Kd5 Nxb2 65. Ke5 Nc4+ 66.
Kf4 Nd6 67. h4 Kf6 68. Kg4 Nf5 69. h5 g5 70. Kf3 Ng7 71. Kg4 Ke5 72. Kf3 Nxh5 73.
Kg4 Nf6+ 0-1

[Event "Late-Titled-Tuesday-Blitz-April-16-2024"]
[Site "Chess.com"]
[Date "2024.04.16"]
[Round "2"]
[White "Vladimir_Zakhartsov"]
[Black "micke12a"]
[Result "0-1"]
[WhiteElo "2906"]
[BlackElo "2433"]
[TimeControl "180+1"]
[EndTime "14:18:59 PDT"]
[Termination "micke12a won by checkmate"]

1. d4 Nf6 2. c4 g6 3. Nc3 d5 4. cxd5 Nxd5 5. Na4 Bg7 6. e4 Nb6 7. Be3 O-O 8. Nf3 Bg4 9. Nc5 Nc6 10. Nxb7 Qc8 11. Nc5 Bxf3 12. gxf3 Nxd4 13. Bxd4 Rd8 14. Nb3 e5 15. Bg2 exd4 16. O-O c5 17. f4 c4 18. Nd2 c3 19. Nb3 c2 20. Qd3 Nc4 21. Qxc2 d3 22. Qd1 Nxb2 23. Qf3 d2 24. e5 Rb8 25. Bh3 Rd3 26.
Qxd3 Nxd3 27. Bxc8 Rxc8 28. Nxd2 Nxf4 29. Nf3 Rc3 30.
Nd2 Bxe5 31. Rab1 Rc2 32. Nf3 Ne2+ 33. Kg2 Bc7 34. a4 Bb6 35. Ne5 Nc3 36. Rb3 Ne4 37.
Rd3 Nxf2 38. Rd7 Ng4+ 39. Kg3 Nxe5 40. Rb7 Rc3+ 41. Kg2 Ng4 42. Re1 Rc2+ 43. Kg3 Bf2+ 44. Kxg4 Bxe1 45. Rxa7 Rxh2 46. a5 Bxa5 47. Rxa5 Kg7 48.
Ra7 h5+ 49. Kg5 Rb2 50. Ra4 Rb5+ 51. Kh4 Kh6 52. Rc4 f5 53. Rc8 g5+ 54. Kg3 h4+ 55. Kf3 Rb3+ 56. Kg2 Kh5 57. Rc5 Kg4 58. Rc4+ f4 59. Rc1 Rb2+ 60. Kh1 f3 61. Rg1+ Kh3 62. Rf1 Rh2+ 63. Kg1 f2+ 64. Rxf2 Rxf2 65. Kh1 Rf1# 0-1

[Event "Late-Titled-Tuesday-Blitz-April-16-2024"]
[Site "Chess.com"]
[Date "2024.04.16"]
[Round "2"]
[White "Nor1lsk"]
[Black "KingCyber19"]
[Result "1/2-1/2"]
[WhiteElo "2779"]
[BlackElo "2546"]
[TimeControl "180+1"]
[EndTime "14:19:00 PDT"]
[Termination "Game drawn by agreement"]

1. e4 e5 2. Nf3 Nc6 3. Nc3 Nf6 4.
a3 Be7 5. d4 exd4 6. Nxd4 Nxd4 7. Qxd4 d6 8. Bf4 Be6 9. f3 O-O 10. O-O-O Nd7 11. g4 Bg5 12. Qd2 Bxf4 13. Qxf4 Qf6 14.
Qe3 Ne5 15. Be2 Ng6 16. Kb1 Qf4 17. Qg1 a6 18. h4 b5 19. h5 Ne5 20. Qh2 Qxh2 21.
Rxh2 Bc4 22. Bxc4 bxc4 23. Rh3 Rfb8 24. Rg3 Rb7 25. f4 Nd7 26. Rd4 Rab8 27. Nd1 Nb6 28.
Kc1 Kf8 29. Ne3 Na4 30. Nxc4 Nxb2 31. Nxb2 Rxb2 32. Rc3 R8b7 33. Rdc4 c5 34. e5 Rb1+ 35. Kd2 dxe5 36. fxe5 Rg1 37. Ke2 Ke7 38. Kf2 Rbb1 39. Rxc5 Rbf1+ 40. Ke2 Re1+ 41. Kd2 Rd1+ 42. Ke2 Rde1+ 43.
Kf2 Ref1+ 44. Ke3 Rxg4 45. Rc7+ Ke6 46. R3c6+ Kxe5 47. Rc5+ Kf6 48. R7c6+ Ke7 49. Rxa6 Re1+ 50. Kf3 Rge4 51. Rc7+ Kf8 52. Ra8+ Re8 53. Rxe8+ Kxe8 54. a4 Re5 55. c4 Rxh5 56. Ke4 Ra5 57. c5 Kd8 58.
Rxf7 Rxc5 59. Rxg7 Rc4+ 60. Kf5 Rxa4 61. Rxh7 1/2-1/2

[Event "Late-Titled-Tuesday-Blitz-April-16-2024"]
[Site "Chess.com"]
[Date "2024.04.16"]
[Round "2"]
[White "Rawnsdale"]
[Black "JaackCamel"]
[Result "1-0"]
[WhiteElo "2484"]
[BlackElo "2228"]
[TimeControl "180+1"]
[EndTime "14:19:00 PDT"]
[Termination "Rawnsdale won on time"]

1. e4 e6 2. d4 d5 3. e5 c5 4.
c3 Nc6 5. Nf3 Qb6 6. Be2 cxd4 7.
cxd4 Nh6 8. Nc3 Nf5 9. Na4 Qa5+ 10. Bd2 Bb4 11. Bc3 O-O 12. O-O Bd7 13. a3 Bxc3 14.
Nxc3 a6 15. b4 Qd8 16. Rc1 f6 17. Re1 fxe5 18. dxe5 Qe8 19. Bd3 Nce7 20. Ne2 Bb5 21. Nf4 Bxd3 22. Qxd3 Nc6 23. Ng5 Ncd4 24. Rc7 h6 25.
Nf3 Nb5 26. Rc5 Rc8 27. Rec1 Rxc5 28. Rxc5 Qf7 29. a4 Na7 30. Qc2 Nc6 31. b5 axb5 32.
axb5 Ncd4 33. Qd3 Nxf3+ 34. gxf3 Nh4 35. Ne2 Nxf3+ 36. Kh1 Nxe5 37. Qg3 Ng6 38. Rc7 Qf3+ 39. Qxf3 Rxf3 40. Kg2 Rb3 41. Rxb7 Ne5 42. b6 Nc4 43.
Rb8+ Kh7 44. b7 Nd6 45. Nf4 Rxb7 46. Rd8 Nf7 47. Re8 e5 48. Nxd5 Rb5 49. Ne3 Kg6 50. h4 h5 51. Re6+ Kh7 52. Nf5 g6 53. Ne3 Kg7 54. Re7 Kf6 55. Ra7 Nd6 56. Rd7 Ke6 57. Rg7 Kf6 58. Rg8 Nf5 59. Rf8+ Ke6 60. Nxf5 gxf5 61.
Rh8 f4 62. Rh6+ Kd5 63. Rxh5 Ke4 64. Rg5 Rb3 65. h5 Rb6 66. Kh3 Rb1 67. Kg2 f3+ 68.
Kh2 1-0

[Event "Late-Titled-Tuesday-Blitz-April-16-2024"]
[Site "Chess.com"]
[Date "2024.04.16"]
[Round "2"]
[White "albi1999"]
[Black "FabianoCaruana"]
[Result "1-0"]
[WhiteElo "2674"]
[BlackElo "3075"]
[TimeControl "180+1"]
[EndTime "14:19:02 PDT"]
[Termination "albi1999 won by resignation"]

1. d4 g6 2. c4 Bg7 3. Nf3 d6 4.
Nc3 Nf6 5. g3 O-O 6. Bg2 Nc6 7.
O-O e5 8. dxe5 dxe5 9. Bg5 h6 10. Qxd8 Rxd8 11. Bxf6 Bxf6 12. Nd5 Kg7 13. Nxc7 Rb8 14. e4 Bg4 15. Nd5 Bxf3 16. Bxf3 Nd4 17. Kg2 Rdc8 18.
Rfc1 h5 19. h4 a5 20. b3 Bd8 21. Rab1 Kf8 22. Nc3 Be7 23. Nb5 Bc5 24. Nxd4 Bxd4 25. Rd1 Ke7 26. Be2 Rc6 27. f4 f6 28. Rd3 a4 29. Rf1 axb3 30. axb3 Ra8 31. fxe5 Bxe5 32. Rfd1 Rc7 33. g4 Rh8 34. Kh3 b6 35. gxh5 gxh5 36. Rg1 Kf7 37. Rd5 Ke6 38. Rb5 Rc6 39. Rd1 Rg8 40.
Rd3 Rd6 41. Rbd5 Rxd5 42. exd5+ Kd6 43. Bxh5 f5 44. Bf7 Rg1 45. Be6 f4 46. b4 Rc1 47. c5+ bxc5 48. bxc5+ Rxc5 49. Kg4 Rc1 50. Rh3 Rg1+ 51. Kf3 Rf1+ 52. Ke2 Ra1 53. h5 Ra2+ 54. Kf3 Ra3+ 55. Ke4 Ra4+ 56. Kf5 Ra8 57. h6 Rf8+ 58. Ke4 Bh8 59. h7 Ke7 60. Rf3 Rf6 61. Rxf4 Rh6 62. Rf7+ Kd6 63. Rd7+ Kc5 64. Kf5 Kd4 65. Kg5 Rh1 66.
Rf7 Kc5 67. Bf5 Kxd5 68. Rf8 Be5 69. Re8 Ba1 70. Be4+ 1-0

[Event "Late-Titled-Tuesday-Blitz-April-16-2024"]
[Site "Chess.com"]
[Date "2024.04.16"]
[Round "2"]
[White "Leebit02"]
[Black "JaloliddinIlkhomi"]
[Result "0-1"]
[WhiteElo "2540"]
[BlackElo "2789"]
[TimeControl "180+1"]
[EndTime "14:19:02 PDT"]
[Termination "JaloliddinIlkhomi won on time"]

1. d4 Nf6 2. c4 e6 3. Nf3 b6 4.
g3 Bb7 5. Bg2 Bb4+ 6. Bd2 Bxd2+ 7. Nbxd2 O-O 8. Qc2 c5 9. dxc5 bxc5 10. O-O d6 11.
Rfd1 Nc6 12. a3 Qc7 13. Qc3 Rfd8 14. b4 cxb4 15. axb4 a6 16. Nb3 Qb6 17. c5 Qxb4 18.
Qxb4 Nxb4 19. cxd6 Bd5 20. Nc5 Rxd6 21. Ne5 Rdd8 22. e4 Bc6 23. Rxd8+ Rxd8 24. Nxc6 Nxc6 25.
Rxa6 Ne5 26. Ra1 h6 27. h3 Rc8 28. Nb3 Rc2 29. Rd1 Rb2 30. Nd4 Rb8 31. Rd2 Rd8 32. Nb3 Rb8 33. Nd4 Nc4 34. Rc2 Nb6 35. Rb2 Nbd7 36.
Rxb8+ Nxb8 37. f4 Nbd7 38. Kf2 Nc5 39. Ke3 Kf8 40. Nc2 Ke7 41. Kd4 Nb3+ 42. Ke3 Nc5 43. g4 g5 44. f5 Nfd7 45. Kd4 Kd6 46. Ne3 e5+ 47. Kc4 Nf6 48. Kb5 Ncxe4 49. Nc4+ Kd5 50. Nb6+ Kd4 51. Kc6 Nf2 52. Kd6 e4 53. Ke7 e3 54. Bf3 N6e4 55. Kxf7 Nd2 56. Be2 Nd3 57. f6 Nf4 58. Bd1 Ne4 0-1

[Event "Late-Titled-Tuesday-Blitz-April-16-2024"]
[Site "Chess.com"]
[Date "2024.04.16"]
[Round "2"]
[White "vladislavkovalev"]
[Black "Koalaskakistis"]
[Result "1/2-1/2"]
[WhiteElo "2860"]
[BlackElo "2572"]
[TimeControl "180+1"]
[EndTime "14:19:07 PDT"]
[Termination "Game drawn - insufficient material"]

1. e4 c5 2. Nf3 d6 3. Bb5+ Nc6 4. O-O Bd7 5. Re1 Nf6 6. c3 a6 7. Bf1 e5 8. d4 cxd4 9. cxd4 Bg4 10. d5 Nd4 11. Nbd2 Rc8 12. Bd3 Qc7 13. h3 Bxf3 14.
Nxf3 Nc2 15. Bxc2 Qxc2 16. Bg5 Qxd1 17. Raxd1 Be7 18. Rc1 Kd7 19. Nd2 Nxd5 20. Bxe7 Nxe7 21. Nc4 Ke6 22. Kf1 Rc5 23. b4 Rc7 24. Red1 Rd8 25.
Ke2 d5 26. Na5 Rdc8 27. Rxc7 Rxc7 28. f3 d4 29. Kd2 b6 30. Nb3 Nc6 31. a3 Na7 32.
Rc1 Rxc1 33. Nxc1 Nb5 34. a4 Nc3 35. a5 bxa5 36. bxa5 Kd6 37. Nd3 Nb5 38. Kc2 g6 39.
Kb3 f5 40. Nb4 fxe4 41. fxe4 Nc3 42. Nxa6 Nxe4 43. Nb4 Kc5 44. Nd3+ Kb5 45. Nxe5 Nc5+ 46. Kc2 Kxa5 47. Nc6+ Kb5 48. Nxd4+ Kc4 49. Nf3 Kd5 50. Kd2 Ke4 51. Ke2 Kf4 52. Kf2 Nd3+ 53. Kg1 Kg3 54. Nd4 Nf4 55. h4 Nxg2 56. h5 gxh5 57. Nf5+ Kh3 58. Ng7 Nf4 59. Kf2 Kg4 60. Ne8 Nd5 61. Nd6 h4 62. Kg2 h3+ 63. Kh2 Ne3 64. Ne4 Kh4 65.
Nf6 h5 66. Ne4 Ng4+ 67. Kh1 Ne3 68. Kh2 Kg4 69. Nf2+ Kh4 70. Nxh3 Ng4+ 71. Kg2 Nf6 72. Nf4 Kg4 73. Nxh5 1/2-1/2

[Event "Late-Titled-Tuesday-Blitz-April-16-2024"]
[Site "Chess.com"]
[Date "2024.04.16"]
[Round "2"]
[White "dosto07"]
[Black "pirulillo"]
[Result "1/2-1/2"]
[WhiteElo "2521"]
[BlackElo "2338"]
[TimeControl "180+1"]
[EndTime "14:19:12 PDT"]
[Termination "Game drawn by repetition"]

1. e4 c5 2. Nf3 e6 3. c3 Nf6 4. e5 Nd5 5. Bc4 d6 6. d4 cxd4 7. cxd4 Bd7 8. Bxd5 exd5 9. Nc3 Bc6 10. Bg5 Be7 11. Bxe7 Qxe7 12. O-O O-O 13. Re1 Nd7 14.
Qd2 dxe5 15. Nxe5 Nxe5 16. Rxe5 Qd6 17. Rae1 Rad8 18. h3 g6 19. h4 Rfe8 20. h5 Rxe5 21. Rxe5 f6 22. Re2 Kg7 23. Qe1 Kf7 24. Qd2 Kg7 25. h6+ Kf7 26. Nd1 Re8 27. Ne3 Re4 28.
f3 Re7 29. Ng4 Rxe2 30. Qxe2 Bd7 31. Ne3 Bc6 32. Ng4 Bd7 33. Qe3 Bxg4 34. fxg4 Qe6 35.
Qc3 Qb6 36. b4 g5 37. Kh1 Kg6 38. Qh3 Kf7 39. Qc3 Qc6 40. Qd3 Kg8 41. Qf5 Qc1+ 42. Kh2 Qf4+ 43. Qxf4 gxf4 44. g3 f3 45. Kg1 Kf7 46.
Kf2 Kg6 47. Kxf3 Kxh6 48. Kf4 Kg6 49. b5 a6 50. b6 a5 51. a4 h6 52. Ke3 Kf7 53. Kf3 Ke7 54. Ke3 Kd7 55. Kf4 Ke6 56. Kf3 Kd6 57. Kf4 Kc6 58. Kf5 Kxb6 59. Kxf6 Ka6 60. Kg6 b5 61. axb5+ Kxb5 62. Kxh6 a4 63. g5 a3 64. g6 a2 65. g7 a1=Q 66. g8=Q Qh1+ 67.
Kg7 Qe4 68. Qb8+ Kc4 69. Qe5 Qxd4 70. Qxd4+ Kxd4 71. g4 Ke5 72. g5 d4 73. g6 d3 74. Kf7 d2 75. g7 d1=Q 76. g8=Q Qd7+ 77. Kf8 Kf6 78. Qh8+ Kg6 79. Qg8+ Kf6 80. Qh8+ Kg6 81. Qg8+ Kf6 1/2-1/2

[Event "Late-Titled-Tuesday-Blitz-April-16-2024"]
[Site "Chess.com"]
[Date "2024.04.16"]
[Round "2"]
[White "kingofthenil"]
[Black "divudis17"]
[Result "0-1"]
[WhiteElo "2799"]
[BlackElo "2562"]
[TimeControl "180+1"]
[EndTime "14:19:19 PDT"]
[Termination "divudis17 won by resignation"]

1. e4 c5 2. Nf3 Nf6 3. e5 Nd5 4. g3 Nc6 5. Bg2 d6 6. exd6 Bg4 7. h3 Bxf3 8. Qxf3 e6 9. O-O Qxd6 10. Nc3 Nc7 11. Ne4 Qd7 12. d3 Be7 13. Be3 Nd4 14.
Qd1 O-O 15. c3 Nc6 16. Nxc5 Qc8 17. Qb3 Rb8 18. d4 Na5 19. Qa4 b6 20. Nd7 b5 21.
Qxa5 Qxd7 22. Qxa7 Qc8 23. a4 bxa4 24. Rfb1 Bd6 25.
Qxa4 Nd5 26. Bd2 Qc7 27. Qd1 g6 28. Qf3 Rb3 29. h4 Rfb8 30. h5 Rxb2 31. Rxb2 Rxb2 32. Ra8+ Rb8 33. Rxb8+ Qxb8 34. c4 Ne7 35. c5 Bc7 36. Qf6 Nf5 37. g4 Bd8 38. Qe5 Qb1+ 39. Bf1 Nh4 40. Qg3 Bc7 41. Qxc7 Nf3+ 42. Kg2 Nxd2 43. Be2 Qe4+ 44. Kg3 Qxe2 45. Qb8+ Kg7 46. Qe5+ Qxe5+ 47. dxe5 Ne4+ 48. Kf4 Nxc5 49. Kg5 h6+ 50. Kf4 g5+ 51. Ke3 Nd7 52. f4 gxf4+ 53. Kxf4 Kh7 54. Ke4 Kg7 55. Kf4 Nf8 56. g5 Nh7 57. gxh6+ Kxh6 58. Kg4 Ng5 59. Kf4 Kxh5 60. Ke3 Kg4 61. Kd4 Kf4 62. Kd3 Kxe5 63. Ke3 f5 64. Ke2 f4 65. Kf2 Kf5 66. Ke2 e5 67. Kf2 e4 68. Kf1 Kg4 69. Ke2 Kg3 70.
Kf1 Kf3 71. Kg1 e3 72. Kf1 Ke4 73. Ke1 Kd3 74. Kd1 f3 75. Ke1 Ne4 0-1

[Event "Late-Titled-Tuesday-Blitz-April-16-2024"]
[Site "Chess.com"]
[Date "2024.04.16"]
[Round "2"]
[White "Mackster23"]
[Black "Guriempire"]
[Result "1/2-1/2"]
[WhiteElo "2553"]
[BlackElo "2805"]
[TimeControl "180+1"]
[EndTime "14:19:19 PDT"]
[Termination "Game drawn by repetition"]

1. e4 e5 2. Nf3 Nc6 3. Bb5 a6 4. Ba4 Nf6 5. O-O Be7 6. d3 b5 7. Bb3 O-O 8. Nc3 d6 9. a3 Na5 10. Ba2 Be6 11. Bg5 Bxa2 12. Rxa2 Qd7 13. Bxf6 Bxf6 14.
Nd5 Bd8 15. Ne3 Nc6 16. c3 Ne7 17. d4 Qe6 18. Ra1 c6 19. Qd3 Bb6 20. Rfd1 Rfd8 21. d5 Qc8 22. dxc6 Bxe3 23. Qxe3 Qxc6 24. Rd3 f6 25.
Rad1 Rd7 26. Qd2 Rad8 27. Qe3 d5 28. exd5 Rxd5 29. h3 Rxd3 30. Rxd3 Rxd3 31. Qxd3 Qd5 32. Qxd5+ Nxd5 33. g3 Kf7 34. Kf1 Nb6 35. Ne1 Na4 36.
Nd3 e4 37. Nb4 Nxb2 38. Nxa6 Na4 39. Ke2 Nxc3+ 40. Ke3 f5 41. g4 g6 42. gxf5 gxf5 43.
f3 exf3 44. Kxf3 Nb1 45. Nc7 Nxa3 46. Nd5 Nc4 47. Nb4 Nd6 48. Kf4 Ke6 49. h4 Kf6 50. Nd5+ Kg6 51. Ke5 Nc4+ 52. Ke6 Kh6 53. Kxf5 Kh5 54. Nf6+ Kxh4 55. Nxh7 b4 56. Ke4 b3 57. Kd3 Kg4 58. Nf6+ Kf5 59. Nd5 Ke5 60. Nc3 b2 61. Nb1 Kd5 62. Kc3 Kc5 63. Kb3 Kb5 64. Kc3 Kc5 65. Kb3 Kd4 66. Kc2 Ke3 67. Kc3 Ke2 68.
Kxc4 Kd1 69. Kb3 Kc1 70. Ka2 Kc2 71. Na3+ Kc1 72. Nb1 Kc2 73. Na3+ Kc1 74. Nb1 1/2-1/2

[Event "Late-Titled-Tuesday-Blitz-April-16-2024"]
[Site "Chess.com"]
[Date "2024.04.16"]
[Round "2"]
[White "StellarChess"]
[Black "RichardShtivelband"]
[Result "1-0"]
[WhiteElo "2671"]
[BlackElo "2367"]
[TimeControl "180+1"]
[EndTime "14:19:22 PDT"]
[Termination "StellarChess won by resignation"]

1. d4 d5 2. Nf3 e6 3. e3 Nf6 4. Bd3 a6 5. Nbd2 b5 6. e4 dxe4 7. Nxe4 Bb7 8. Qe2 Nbd7 9. Bg5 Be7 10. Bxf6 Nxf6 11. O-O-O Nxe4 12. Bxe4 Bxe4 13. Qxe4 Qd5 14.
Qxd5 exd5 15. Rhe1 f6 16. Re6 Kd7 17. Rde1 Bd6 18. R6e2 Rhe8 19. Rxe8 Rxe8 20. Rxe8 Kxe8 21. Kd2 Kf7 22. Kd3 Ke6 23. b3 c6 24. h3 h5 25.
Ng1 g6 26. Ne2 Kf5 27. Ke3 g5 28. f3 Bf4+ 29. Kf2 h4 30. Ke1 Be3 31. Kd1 Kg6 32.
c3 f5 33. Kc2 g4 34. Kd3 Bh6 35. f4 Kf6 36. Ke3 Ke6 37. Nc1 a5 38. Nd3 Bf8 39.
Nf2 g3 40. Nd3 Be7 41. a4 Kd6 42. Ne5 Bf6 43. Nf3 Be7 44. Kd3 Bf6 45. Ng1 Be7 46. Ne2 Bf6 47. Nc1 Be7 48. Kd2 Bf6 49. Kc2 Be7 50.
Nd3 Bf6 51. Ne1 Be7 52. Kd1 Bf6 53. Nc2 Bg7 54. Ne3 Ke6 55. Ke2 Bh6 56. Kf3 Kf6 57.
axb5 cxb5 58. Nxd5+ Kf7 59. Nc7 a4 60. Nxb5 axb3 61.
c4 b2 62. Na3 Bf8 63. Nb1 Bb4 64. Ke3 Ke7 65. Kd3 Bd6 66. Ke3 Bb4 67. Kd3 Bd6 68. Kc3 Bxf4 69. Kxb2 Be3 70. Kc2 Bxd4 71. Kd3 Kd6 72. Nd2 Bf2 73. Nf3 Kc5 74. Nxh4 f4 75.
Nf3 Be3 76. h4 Bc1 77. h5 Bb2 78. Ke4 Kxc4 79. Kxf4 Kd5 80. Kxg3 Ke6 81. Kg4 Kf7 82. Kf5 Kg7 83. g4 Kh6 84. Ne5 Bc1 85. Nf7+ Kh7 86. g5 Kg7 87. Ne5 Kh7 88. Kf6 Bb2 89. Kf5 Kg7 90.
Ng4 Kh7 91. g6+ Kg7 92. h6+ Kg8 93. Nf6+ Kf8 94. g7+ Kf7 95. g8=Q+ 1-0

[Event "Late-Titled-Tuesday-Blitz-April-16-2024"]
[Site "Chess.com"]
[Date "2024.04.16"]
[Round "2"]
[White "GameOverBro"]
[Black "SchmakAttack"]
[Result "0-1"]
[WhiteElo "2549"]
[BlackElo "2831"]
[TimeControl "180+1"]
[EndTime "14:19:27 PDT"]
[Termination "SchmakAttack won by checkmate"]

1. e4 e5 2. Nf3 Nc6 3. Bb5 a6 4.
Ba4 Nf6 5. d4 exd4 6. O-O Be7 7.
e5 Ne4 8. Nxd4 O-O 9. Bf4 Nc5 10. Bb3 Nxd4 11. Qxd4 Ne6 12. Qd2 Nxf4 13. Qxf4 d5 14.
Nc3 c6 15. Rad1 Qc7 16. Bxd5 cxd5 17. Nxd5 Qd8 18. Qe3 Be6 19. Nb6 Qc7 20. Nxa8 Rxa8 21. Rd2 b5 22. b3 b4 23. Rfd1 g6 24. h3 Kg7 25. Qf4 a5 26. Qe3 h5 27. Qg3 Rc8 28. Qe3 Qb8 29. Qg3 Rc3 30. Qf4 Qc7 31. Rc1 Rc5 32. Re2 Bf5 33. Qd4 Be6 34. Qe4 Rd5 35. Qf4 Bc5 36. Rce1 Qd7 37. Qf6+ Kg8 38. g4 hxg4 39.
hxg4 Bxg4 40. Re4 Be7 41. Qf4 Bf5 42. R4e3 Rd4 43. Qf3 Bc5 44. e6 Bxe6 45. Re5 Bd6 46.
Rxe6 fxe6 47. Qf6 Rg4+ 48. Kf1 Qf7 49. Rxe6 Qxf6 50. Rxf6 Bc5 51. Ra6 Rf4 52. Rxg6+ Kf7 53. Ra6 Bxf2 54. Ke2 Rf5 55. Kd3 Be1 56. Ke4 Rh5 57.
Kf4 Ke7 58. Ra7+ Kd6 59. Ke4 Kc6 60. Kd3 Kb6 61. Rf7 Bc3 62. Kc4 Rc5+ 63. Kd3 Rd5+ 64.
Ke2 Rd2+ 65. Ke3 Rxc2 66. Re7 Rxa2 67. Re6+ Kb5 68. Kd3 Rd2+ 69. Ke3 Rd1 70. Rg6 Re1+ 71. Kd3 Re5 72. Kc2 Rd5 73. Rg8 Rd2+ 74. Kc1 Rd6 75.
Rb8+ Rb6 76. Rc8 a4 77. Re8 a3 78. Kb1 Rf6 79. Ka2 Rf2+ 80. Kb1 a2+ 81. Kc1 a1=Q# 0-1

[Event "Late-Titled-Tuesday-Blitz-April-16-2024"]
[Site "Chess.com"]
[Date "2024.04.16"]
[Round "2"]
[White "Orest_Vovk"]
[Black "The_Machine04"]
[Result "1/2-1/2"]
[WhiteElo "2545"]
[BlackElo "2778"]
[TimeControl "180+1"]
[EndTime "14:19:32 PDT"]
[Termination "Game drawn - insufficient material"]

1. g4 d5 2. h3 h5 3. g5 e5 4. Bg2 Be6 5. d4 e4 6. c4 c6 7. Nc3 Ne7 8. Qb3 Qb6 9. c5 Qxb3 10. axb3 Na6 11. Ra4 Nc7 12. Bf4 Kd7 13. b4 a6 14.
Bxc7 Kxc7 15. b5 Nf5 16. bxc6 bxc6 17. e3 h4 18. Bf1 Be7 19. Bxa6 Rhb8 20. b4 Bxg5 21.
Nge2 Bd8 22. Kd2 Bc8 23. Bxc8 Rxa4 24. Nxa4 Kxc8 25. Rb1 g5 26. Ke1 Ne7 27. Kf1 f5 28. Kg2 Bc7 29. Nec3 g4 30. b5 cxb5 31. Rxb5 Ra8 32.
Nb6+ Bxb6 33. cxb6 Kb7 34. Nxd5 Nxd5 35. Rxd5 Ra2 36. Rxf5 g3 37. Rf4 Kxb6 38. Rxh4 Rxf2+ 39. Kg1 Kb5 40. Rxe4 Kc4 41. Rg4 Rf3 42. Kg2 Rxe3 43. Rxg3 Re2+ 44. Kf3 Rh2 45. Kg4 Kxd4 46. Rf3 Ke5 47. h4 Rg2+ 48. Kh5 Ke6 49. Kh6 Ke7 50. Rf5 Rg1 51. Rg5 Rh1 52. h5 Kf7 53. Rf5+ Kg8 54.
Rg5+ Kh8 55. Rb5 Rg1 56. Rb8+ Rg8 57. Rb7 Rd8 58. Rh7+ Kg8 59. Rg7+ Kh8 60. Rg6 Rc8 61. Rd6 Rb8 62. Kg6 Ra8 63. Kf6 Rb8 64. Kg6 Ra8 65. h6 Rb8 66. Kf7 Kh7 67. Ke7 Ra8 68. Kd7 Ra7+ 69.
Kc6 Ra3 70. Kc5 Rc3+ 71. Kd4 Rh3 72. Ke5 Rh5+ 73. Kf4 Rxh6 74. Rxh6+ Kxh6 1/2-1/2

[Event "Late-Titled-Tuesday-Blitz-April-16-2024"]
[Site "Chess.com"]
[Date "2024.04.16"]
[Round "2"]
[White "gmcorrales"]
[Black "biostatistician"]
[Result "0-1"]
[WhiteElo "2944"]
[BlackElo "2629"]
[TimeControl "180+1"]
[EndTime "14:19:37 PDT"]
[Termination "biostatistician won by checkmate"]

1. e4 e5 2. Nf3 Nc6 3. d4 exd4 4.
Nxd4 Nf6 5. Nxc6 bxc6 6. e5 Qe7 7. Qe2 Nd5 8. g3 d6 9. exd6 cxd6 10. c4 Qxe2+ 11.
Bxe2 Nb4 12. Kd1 Bf5 13. Na3 Be7 14. Re1 O-O 15. Bd2 a5 16. Bc3 Rfe8 17. Kd2 d5 18. Bf1 Rad8 19. Be5 dxc4+ 20. Kc3 Nd5+ 21. Kxc4 Be6 22.
Kb3 Nb4+ 23. Nc4 Nd3 24. Re3 Nxe5 25. Rxe5 Bf6 26. Re2 Rb8+ 27. Kc2 Rb4 28. Rxe6 Rxe6 29. Rd1 g6 30. b3 a4 31. Bd3 axb3+ 32. axb3 Rb8 33.
f3 c5 34. Be4 Bd4 35. Na5 Ra6 36. Nc6 Ra2+ 37. Kd3 Rxb3+ 38. Kc4 Rc3+ 39. Kd5 Kg7 40. g4 Rxh2 41. Rb1 Rd2 42. Na5 Bf6+ 43. Kc6 Ra3 44. Nb7 c4 45. Nc5 c3 46. Rc1 h5 47. gxh5 gxh5 48.
Nd7 Rxd7 49. Kxd7 h4 50. Bf5 Kh6 51. Ke8 Kg5 52. Be4 Ra7 53. Rg1+ Kf4 54. Rg4+ Ke3 55. Rg2 Rc7 56. Rc2 Be5 57. Bf5 Kxf3 58. Kf8 Kf4 59. Bh3 Kg3 60. Bf5 h3 61. Re2 h2 62.
Be4 Bf4 63. Rg2+ Kh3 64. Rg7 c2 65. Rh7+ Kg3 66. Bxc2 Rxc2 67. Rg7+ Kf3 68. Rh7 Rc8+ 69. Kg7 Be5+ 70. Kh6 Rh8 71. Rxh8 Bxh8 72. Kg5 h1=Q 73. Kf5 Qh5# 0-1